 Dungeon Crawl Stone Soup version 0.31.0-12-g77e489cdc1 (webtiles) character file.

Game seed: 270896814797820486

7448 Silvore the Cleaver (level 10, -1/94 HPs)
             Began as a Minotaur Fighter on Mar 4, 2024.
             Was a Believer of Zin.
             Killed by an exploding killer bee (16 damage)
             ... ignited by their inner flame
             ... on level 9 of the Dungeon.
             The game lasted 00:07:52 (7198 turns).

Silvore the Cleaver (Minotaur Fighter)              Turns: 7198, Time: 00:07:53

Health: -1/94      AC:  4    Str: 38    XL:     10   Next: 93%
Magic:  9/9        EV: 13    Int:  5    God:    Zin [**....]
Gold:   105        SH:  7    Dex:  9    Spells: 9/9 levels left

rFire   . . .        f - +7 war axe "Demonbane" {flame, rPois}
rCold   + . .        c - +1 buckler
rNeg    . . .        b - +0 scale mail
rPois   +            (helmet restricted)
rElec   .            p - +2 cloak of the Present {Str+6}
rCorr   .            (no gloves)
SInv    .            (no boots)
Will    .....        (no amulet)
Stlth   +            j - +6 ring of strength
HPRegen 0.35/turn    t - ring of protection from cold
MPRegen 0.11/turn

%: no passive effects
@: corroded
A: horns 2, retaliatory headbutt
a: Renounce Religion, Recite, Vitalisation, Donate Gold


You were on level 9 of the Dungeon.
You worshipped Zin.
Zin was pleased with you.
You visited 2 branches of the dungeon, and saw 10 of its levels.

You collected 370 gold pieces.
You donated 265 gold pieces to Zin.

Inventory:

Hand Weapons
 a - a +1 flail
 f - the +7 war axe "Demonbane" (weapon) {flame, rPois}
   (You found it on level 2 of the Dungeon)

   rPois:     It protects you from poison
Missiles
 u - a throwing net (quivered)
Armour
 b - a +0 scale mail (worn)
 c - a +1 buckler (worn)
 p - the +2 cloak of the Present (worn) {Str+6}
   (You found it on level 2 of the Dungeon)

   Str+6:     It affects your strength (+6).
Jewellery
 g - a ring of ice
 j - a +6 ring of strength (left hand)
 o - a ring of fire
 t - a ring of protection from cold (right hand)
 v - an amulet of magic regeneration
 w - an amulet of the acrobat
 B - a ring of flight
 C - a ring of resist corrosion
Wands
 s - a wand of mindburst (24)
 y - a wand of digging (5)
Scrolls
 r - 2 scrolls of immolation
 x - 2 scrolls of blinking
Potions
 d - a potion of might
 e - a potion of invisibility {unknown}
 h - 4 potions of curing
 i - a potion of lignification {unknown}
 k - 2 potions of enlightenment
 l - a potion of haste
 m - 2 potions of mutation
 n - a potion of resistance {unknown}
 q - 3 potions of heal wounds


   Skills:
 + Level 10.4 Fighting
 + Level 11.3(11.5) Axes
 + Level 3.2(8.0) Maces & Flails
 + Level 10.2 Armour
 + Level 8.0 Dodging
 + Level 4.1 Stealth
 + Level 9.6 Shields


You had 9 spell levels left.
You didn't know any spells.
Your spell library contained the following spells:

 Spells                   Type           Power      Damage    Failure   Level
 Freeze                   Ice            0%         1d3       67%         1
 Magic Dart               Conj           0%         1d3       67%         1
 Ensorcelled Hibernation  Hex/Ice        0%         N/A       80%         2
 Searing Ray              Conj           0%         2d4       80%         2
 Call Canine Familiar     Summ           0%         N/A       95%         3
 Frozen Ramparts          Ice            0%         1d1       95%         3
 Fugue of the Fallen      Necr           0%         N/A       95%         3
 Hailstorm                Conj/Ice       0%         3d5       95%         3
 Ozocubu's Armour         Ice            0%         N/A       95%         3
 Sigil of Binding         Hex            0%         N/A       95%         3
 Summon Ice Beast         Ice/Summ       0%         N/A       95%         3
 Anguish                  Hex/Necr       0%         N/A       100%        4
 Dimensional Bullseye     Hex/Tloc       0%         N/A       100%        4
 Fulminant Prism          Conj/Alch      0%         3d5       100%        4
 Manifold Assault         Tloc           0%         N/A       100%        4
 Sculpt Simulacrum        Ice/Alch       0%         N/A       100%        6


Dungeon Overview and Level Annotations

Branches:
Dungeon (9/15)             Temple (1/1) D:5            Lair (0/5) D:8
    Orc: D:9-12

Altars:
Ashenzari
Cheibriados
Dithmenos
Elyvilon
Fedhas
Gozag
Hepliaklqana
Kikubaaqudgha
Makhleb
Nemelex Xobeh
Okawaru
Qazlal
Ru
Sif Muna
Trog
Uskayaw
Vehumet
Wu Jian
Xom
Yredelemnul
Zin
The Shining One

Shops:
D:8 ?


Innate Abilities, Weirdness & Mutations

You have a pair of horns on your head.
You reflexively headbutt those who attack you in melee.


Message History

As you read the scroll of immolation, it crumbles to dust.
The creatures around you are filled with an inner flame!
The acid dragon bites you! The acid dragon misses you.
A wight comes into view. It is wielding a +0 long sword.
A killer bee comes into view.
You block the killer bee's attack.
You miss the killer bee.
The killer bee buzzes angrily.
Your headbutt misses the killer bee.
You hit the acid dragon but do no damage.
The killer bee misses you. The acid dragon spits acid at you.
The splash of acid hits you! The acid corrodes you!
You slash the killer bee!
Flame seeps out of the killer bee.
You burn the killer bee.
Flame seeps out of the killer bee.
The killer bee is severely wounded.
You barely miss the acid dragon. The acid dragon barely misses you.
You furiously retaliate!
You headbutt the acid dragon, but do no damage.
The acid dragon closely misses you.
A wight comes into view. It is wielding a +6 flail of freezing.
The killer bee stings you.
The killer bee is engulfed in blazing flames.
The killer bee explodes!
The fiery explosion engulfs the killer bee!!
The fiery explosion engulfs the killer bee!!!
The fiery explosion engulfs you!!
The fiery explosion engulfs the killer bee!
Flame seeps out of the killer bee.
The killer bee is severely wounded.
The fiery explosion engulfs the acid dragon!
Flame seeps out of the acid dragon.
The acid dragon is moderately wounded.
The killer bee explodes!
The fiery explosion engulfs you!
* * * LOW HITPOINT WARNING * * *
The killer bee explodes!
The fiery explosion engulfs the acid dragon!!
The fiery explosion engulfs you!
You die...

...... .....
....########
...........
..........
####.§§.y....
+..#..§§.zz.z
+..+§@○y.(...
######..#§§§§.....
#.......'.§§......
#.......#....####+
#<......#....#
#.......#..###
####....#..#
#....#..#
######..#


You could see 2 killer bees and 3 wights.

Vanquished Creatures
  Joseph (D:7)
  A komodo dragon (D:8)
  Grinder (D:4)
  A hornet (D:8)
  2 wyverns (D:8)
  A yak (D:8)
  2 steam dragons
  An acid dragon (D:9)
  5 water moccasins
  3 orc warriors
  3 ice beasts
  4 black bears
  2 ogres (D:5)
  3 centaurs
  A phantom (D:5)
  A kobold brigand (D:8)
  Blork the orc (D:4)
  3 bullfrogs (D:8)
  A scorpion (D:5)
  7 killer bees
  A howler monkey (D:8)
  3 hounds
  5 jellies
  3 bombardier beetles
  10 orc priests
  3 gnoll boudas
  Ijyb (D:3)
  An iguana (D:4)
  2 sleepcaps
  Natasha (twice) (D:4)
  14 orc wizards
  Robin (D:2)
  17 gnolls
  5 adders
  A shadow imp (D:6)
  2 ufetubi (D:4)
  A ribbon worm (D:2)
  4 dart slugs
  26 orcs
  6 endoplasms
  4 giant cockroaches
  14 goblins
  10 hobgoblins
  18 jackals
  3 quokkas
  5 ball pythons
  2 bats
  3 frilled lizards
  6 kobolds
  3 rats
220 creatures vanquished.

Vanquished Creatures (others)
  A shadow imp (D:7)
1 creature vanquished.

Grand Total: 221 creatures vanquished

Notes
Turn   | Place    | Note
-------+----------+-------------------------------------------
     0 | D:1      | Silvore the Minotaur Fighter began the quest for the Orb.
     0 | D:1      | Reached XP level 1. HP: 19/19 MP: 0/0
   108 | D:1      | Reached XP level 2. HP: 19/27 MP: 1/1
   883 | D:2      | Reached XP level 3. HP: 32/33 MP: 2/2
   884 | D:2      | Identified the +7 war axe "Demonbane" {flame, rPois}
  1214 | D:2      | Found an opulent altar of Gozag.
  1229 | D:2      | Noticed Robin
  1233 | D:2      | Killed Robin
  1235 | D:2      | Reached XP level 4. HP: 40/40 MP: 3/3
  1355 | D:2      | Reached skill level 1 in Dodging
  1363 | D:2      | Identified the +2 cloak of the Present {Str+6}
  1638 | D:2      | Found a faded altar of an unknown god.
  2068 | D:3      | Reached skill level 1 in Axes
  2148 | D:3      | Noticed Ijyb
  2154 | D:3      | Reached XP level 5. HP: 34/47 MP: 4/4
  2159 | D:3      | Killed Ijyb
  2160 | D:3      | Reached skill level 2 in Axes
  2425 | D:3      | Reached skill level 6 in Axes
  2425 | D:3      | Reached skill level 5 in Dodging
  2425 | D:3      | Reached XP level 6. HP: 60/60 MP: 5/5
  2440 | D:4      | Noticed Natasha
  2449 | D:4      | Killed Natasha
  2559 | D:4      | Found a broken altar of Ashenzari.
  2747 | D:4      | Noticed Blork the orc
  2754 | D:4      | Killed Blork the orc
  2810 | D:4      | Noticed Grinder
  2823 | D:4      | Killed Grinder
  2824 | D:4      | Reached skill level 7 in Axes
  2824 | D:4      | Reached XP level 7. HP: 48/66 MP: 6/6
  3570 | D:4      | Noticed Natasha
  3577 | D:4      | Killed Natasha
  3659 | D:5      | Entered Level 5 of the Dungeon
  3758 | D:5      | Reached XP level 8. HP: 74/74 MP: 7/7
  3839 | D:5      | Found a shimmering altar of Xom.
  3840 | D:5      | Found a shimmering altar of Xom.
  3840 | D:5      | Found a shimmering altar of Xom.
  3840 | D:5      | Found a shimmering altar of Xom.
  3851 | D:5      | Found a shimmering altar of Xom.
  3867 | D:5      | Found a shimmering altar of Xom.
  3938 | D:5      | Reached skill level 8 in Axes
  4040 | D:5      | Reached skill level 9 in Axes
  4040 | D:5      | Reached XP level 9. HP: 84/84 MP: 8/8
  4423 | D:5      | Found a staircase to the Ecumenical Temple.
  4829 | D:6      | Reached skill level 10 in Axes
  4830 | D:6      | Identified the +0 ring mail "Plog" {Will+ Str+3 Dex+4}
  5004 | D:6      | Reached XP level 10. HP: 91/91 MP: 9/9
  5185 | D:6      | Found a basalt altar of Yredelemnul.
  5553 | D:7      | Noticed Joseph
  5560 | D:7      | Killed Joseph
  6036 | Temple   | Entered the Ecumenical Temple
  6050 | Temple   | Became a worshipper of Zin the Law-Giver
  6050 | Temple   | Reached * piety under Zin
  6051 | Temple   | Donated 121 gold pieces to Zin
  6240 | D:8      | Reached ** piety under Zin
  6429 | D:8      | Reached skill level 10 in Fighting
  6436 | D:8      | Reached skill level 10 in Armour
  6454 | D:8      | Reached skill level 11 in Axes
  6568 | D:8      | Found an ornate altar of the Wu Jian Council.
  6575 | D:8      | Found a stormy altar of Qazlal.
  6625 | D:8      | Found a staircase to the Lair.
  6729 | D:8      | Identified the +3 short sword "Zeon Zae" {venom, ^Drain
                  | +Blink rF+ rN+}
  6767 | D:8      | Found Jemusane's Magic Scroll Shop.
  7034 | D:8      | Donated 107 gold pieces to Zin
  7048 | D:8      | Found a shadowy altar of Dithmenos.
  7049 | D:8      | Found a hazy altar of Hepliaklqana.
  7198 | D:9      | Killed by an exploding killer bee... ignited by their inner
                  | flame

Illustrated notes

Levels and vault maps discovered:
D:1:      amcnicky_arrival_flooded_fountain, layout_loops_cross
D:2:      layout_loops_corners, basic_altar,
          shapermc_ecumenical_altar_hornbeckon, hangedman_decor_opposing,
          chequers_serial_rivers_micro_d, uniq_robin
D:3:      layout_basic, nrook_campfire, uniq_ijyb
D:4:      layout_layer_cave, lemuel_round_altar, uniq_natasha,
          uniq_blork_the_orc, uniq_grinder
D:5:      layout_loops_corners, xom_redecorated,
          minmay_temple_entry_enclosed_plants
D:6:      nicolae_cairo_tiling, layout_basic, lemuel_tele_altar
D:7:      layout_cave_pools, grunt_decor_one_mirror, uniq_joseph
D:8:      layout_basic, riverfiend_overflow_shadow_ancestor,
          amethyst_overflow_temple_binary, due_lair_maze_entry_diamond,
          serial_shops, nicolae_shop_crystal, minmay_strange_pillars,
          minmay_misc_feat_rugged
D:9:      cheibrodos_fzero, layout_irregular_city, enter_bailey_2, uniq_erolcha
Temple:   bh_familiar_temple

Skill      XL: |  1  2  3  4  5  6  7  8  9 10 |
---------------+-------------------------------+-----
Shields        | 4 7 9 |  9.6
Armour         | 4 7 8 9 10 | 10.2
Fighting       | 4 7 9 10 | 10.4
Maces & Flails | 3 |  3.2
Dodging        | 1 5 7 8 |  8.0
Axes           | 1 6 7 9 10 11 | 11.3
Stealth        | 4 |  4.1

Action                     |  1- 3 |  4- 6 |  7- 9 | 10-12 || total
---------------------------+-------+-------+-------+-------++-------
  Melee: Flail             |    47 |       |       |       ||    47
         Headbutt          |     4 |     8 |    12 |    17 ||    41
         War axe           |    20 |    64 |    92 |   126 ||   302
 Invoke: Donate Gold       |       |       |       |     2 ||     2
    Use: Scroll            |     2 |     7 |     2 |     9 ||    20
         Potion            |       |     2 |     1 |       ||     3
 Armour: Scale mail        |    69 |    51 |    51 |    89 ||   260
  Dodge: Dodged            |    59 |    33 |    62 |    80 ||   234
  Block: Buckler           |    23 |    13 |    29 |    44 ||   109
